 Dungeon Sprint DCSS version 0.19.5 (webtiles) character file.

2436 Ponchio the Thaumaturge (level 9, -6/45 HPs)
             Began as a Deep Elf Fire Elementalist on Sept 10, 2017.
             Was the Champion of Vehumet.
             Shot with an arrow by a centaur warrior (17 damage)
             ... in the Dungeon (Sprint V: "Ziggurat Sprint").
             The game lasted 00:27:57 (1168 turns).

Ponchio the Thaumaturge (DEFE)                      Turns: 1168, Time: 00:27:57

Health: -6/45      AC:  2    Str:  5    XL:     9   Next: 25%
Magic:  27/34      EV: 16    Int: 42    God:    Vehumet [******]
Gold:   0          SH:  0    Dex: 15    Spells: 4 memorised, 15 levels left

rFire  . . .     SeeInvis .     J - +6 Majin-Bo {vamp, Archmagi MP+6 Int+6}
rCold  . . .     Gourm    .     S - +0 robe {MR+}
rNeg   . . .     Faith    .     (shield currently unavailable)
rPois  .         Spirit   .     (no helmet)
rElec  .         Reflect  .     (no cloak)
rCorr  .         Harm     .     (no gloves)
MR     +....     NoTele   +     (no boots)
Stlth  ++........               O - amulet of magic regeneration
                                A - +6 ring of intelligence
                                B - +6 ring of intelligence

@: very slightly contaminated, hasted, very quick
A: no striking features
a: Renounce Religion


You were in the Dungeon.
You worshipped Vehumet.
Vehumet was exalted by your worship.
You were not hungry.

You visited 1 branch

Inventory:

Hand Weapons
 J - the +6 Majin-Bo (weapon) {vamp, Archmagi MP+6 Int+6}
   (You found it in the Dungeon)

   It inflicts no extra harm, but heals its wielder when it wounds a living foe.
   It affects your intelligence (+6).
   It affects your magic capacity (+6).
Armour
 L - a +0 robe of fire resistance
 S - a +0 robe of magic resistance (worn)
Jewellery
 y - a +6 ring of dexterity
 z - a +6 ring of dexterity
 A - a +6 ring of intelligence (right hand)
 B - a +6 ring of intelligence (left hand)
 K - an uncursed ring of see invisible
 O - an amulet of magic regeneration (around neck)
 T - an uncursed ring of stealth
Wands
 E - a wand of disintegration (0/24)
 F - a wand of iceblast (2/15)
 G - a wand of lightning (1/15)
 H - a wand of acid (0/15)
Scrolls
 i - 4 scrolls of blinking
 p - 4 scrolls of amnesia
 q - 3 scrolls of recharging
 r - 8 scrolls of fog
 s - a scroll of holy word
 t - 5 scrolls of identify
 u - 5 scrolls of remove curse
 v - 2 scrolls of fear
 I - a scroll of brand weapon
Potions
 d - 10 potions of curing
 e - 10 potions of heal wounds
 f - 4 potions of haste
 g - 7 potions of magic
 h - 3 potions of berserk rage
 j - 2 potions of brilliance
 k - 2 potions of invisibility
 l - 4 potions of resistance
 n - 5 potions of agility
 o - 5 potions of might
Books
 a - a Young Poisoner's Handbook

   Spells                             Type                      Level
   a - Sting                          Conjuration/Poison           1
   b - Mephitic Cloud                 Conjuration/Poison/Air       3
   c - Olgreb's Toxic Radiance        Poison                       4
   d - Alistair's Intoxication        Transmutation/Poison         5
   e - Venom Bolt                     Conjuration/Poison           5
 b - a book of Flames

   Spells                             Type                      Level
   a - Flame Tongue                   Conjuration/Fire             1
   b - Throw Flame                    Conjuration/Fire             2
   c - Conjure Flame                  Conjuration/Fire             3
   d - Inner Flame                    Hexes/Fire                   3
   e - Sticky Flame                   Conjuration/Fire             4
   f - Fireball                       Conjuration/Fire             5
 m - a book of Maledictions

   Spells                             Type                      Level
   a - Corona                         Hexes                        1
   b - Ensorcelled Hibernation        Hexes/Ice                    2
   c - Confuse                        Hexes                        3
   d - Tukima's Dance                 Hexes                        3
   e - Dazzling Spray                 Conjuration/Hexes            3
 M - the Volume of Bewitching Air
   (You found it in the Dungeon)

   Spells                             Type                      Level
   a - Confusing Touch                Hexes                        1
   b - Dazzling Spray                 Conjuration/Hexes            3
   c - Spectral Weapon                Hexes/Charms                 3
   d - Fulminant Prism                Conjuration/Hexes            4
   e - Tornado                        Air                          9
 N - the Incunabulum of the Frostbite and Evil Magic
   (You found it in the Dungeon)

   Spells                             Type                      Level
   a - Corpse Rot                     Necromancy                   2
   b - Throw Icicle                   Conjuration/Ice              4
   c - Death Channel                  Necromancy                   6
 R - a book of Transfigurations

   Spells                             Type                      Level
   a - Irradiate                      Conjuration/Transmutation    5
   b - Statue Form                    Transmutation/Earth          6
   c - Hydra Form                     Transmutation                6
   d - Dragon Form                    Transmutation                7
 U - a book of Beasts

   Spells                             Type                      Level
   a - Summon Butterflies             Summoning                    1
   b - Call Canine Familiar           Summoning                    3
   c - Summon Ice Beast               Ice/Summoning                4
   d - Summon Mana Viper              Hexes/Summoning              5
   e - Summon Hydra                   Summoning                    7
 V - a book of Cantrips

   Spells                             Type                      Level
   a - Confusing Touch                Hexes                        1
   b - Animate Skeleton               Necromancy                   1
   c - Summon Small Mammal            Summoning                    1
   d - Apportation                    Translocation                1
Miscellaneous
 C - a fan of gales
 D - a phantom mirror
 P - a disc of storms
 Q - a phial of floods
Comestibles
 c - 5 bread rations
 w - 39 fruits
 x - 3 meat rations


   Skills:
 + Level 6.1 Dodging
 - Level 2.4 Stealth
 + Level 13.3 Spellcasting
 + Level 12.2 Conjurations
 - Level 13.2 Fire Magic
 - Level 8.0 Evocations


You had 15 spell levels left.
You knew the following spells:

 Your Spells              Type           Power        Failure   Level  Hunger
a - Flame Tongue          Conj/Fire      #####        0%          1    None
b - Fireball              Conj/Fire      ########..   1%          5    None
c - Throw Icicle          Conj/Ice       #######.     1%          4    None
d - Tornado               Air            #####.....   100%        9    #######


Dungeon Overview and Level Annotations

Branches:
Dungeon (1/1)

Altars:
Ashenzari
Cheibriados
Dithmenos
Elyvilon
Fedhas
Gozag
Hepliaklqana
Kikubaaqudgha
Makhleb
Nemelex Xobeh
Okawaru
Qazlal
Ru
Sif Muna
Trog
Uskayaw
Vehumet
Xom
Yredelemnul
Zin
The Shining One
Beogh
Jiyva
Lugonu


Message History

You feel your power returning.
The fireball engulfs the cyclops.
The cyclops is severely wounded.
The yaktaur shouts!
The centaur shouts!
Casting: Fireball
Confirm with . or Enter, or press ? or * to list all spells.
Aiming: Fireball
Press: ? - help, Shift-Dir - straight line, f - centaur
Aim: a centaur You feel a surge of power!
The fireball explodes!
The fireball engulfs the centaur.
You kill the centaur!
Vehumet accepts your kill.
You feel your power returning.
Your Dodging skill increases to level 6!
* * * LOW HITPOINT WARNING * * *
The centaur shouts!
The centaur warrior unwields a +3 battleaxe of chopping.
The centaur warrior wields a shortbow.
The centaur warrior shoots an arrow.
The arrow hits you!
You die...

▓..8©8..▓
▓....c|...▓....)..▓
▓..c=)C...▓..)....▓
▓...cc....▓...).\.▓
▓.........▓.......▓
▓.........▓.......▓
▓....)....▓.......▓
▓.▓.....▓.▓.▓...▓.▓
▓....@....▓.......▓
▓▓▓▓▓▓▓▓▓▓▓▓▓▓▓▓▓▓▓


You could see a centaur warrior, a cyclops, a yaktaur and 2 centaurs.

Vanquished Creatures
  An ugly thing (D)
  A jumping spider (D)
  A large abomination (D)
  A tarantella (D)
  2 hell hounds (D)
  2 phantoms (D)
  A necrophage (D)
  A tengu (shapeshifter) (D)
  3 centaurs (D)
  A scorpion (shapeshifter) (D)
  A small abomination (D)
  7 scorpions (D)
  A wight (D)
  3 crimson imps (D)
  A quasit (D)
  2 shadow imps (D)
  3 white imps (D)
  An adder zombie (D)
  4 adder skeletons (D)
  A bat skeleton (D)
  A bat zombie (D)
  A quokka skeleton (D)
40 creatures vanquished.

Notes
Turn   | Place    | Note
-------+----------+-------------------------------------------
     0 | D        | Ponchio the Deep Elf Fire Elementalist began the quest for the Orb.
     0 | D        | Reached XP level 1. HP: 10/10 MP: 6/6
     0 | D        | Found a deep blue altar of Sif Muna.
     0 | D        | Found a bloodstained altar of Trog.
     0 | D        | Found a sacrificial altar of Ru.
     0 | D        | Found a stormy altar of Qazlal.
     0 | D        | Found an iron altar of Okawaru.
     1 | D        | Found a sparkling altar of Nemelex Xobeh.
     1 | D        | Found a blossoming altar of Fedhas.
     3 | D        | Found an ancient bone altar of Kikubaaqudgha.
     3 | D        | Found a viscous altar of Jiyva.
     3 | D        | Found a corrupted altar of Lugonu.
     3 | D        | Found a hazy altar of Hepliaklqana.
     3 | D        | Found a burning altar of Makhleb.
     3 | D        | Found an opulent altar of Gozag.
    50 | D        | Became a worshipper of Vehumet
    53 | D        | Reached XP level 2. HP: 15/15 MP: 7/9
   249 | D        | Entered arena 1.
   249 | D        | Noticed a necrophage
   254 | D        | Killed a necrophage
   254 | D        | Reached skill level 5 in Conjurations
   254 | D        | Reached XP level 3. HP: 18/19 MP: 13/13
   254 | D        | Reached XP level 4. HP: 23/24 MP: 15/15
   268 | D        | Got the ring of Exkuarat {+Fly MP+9}
   285 | D        | Entered arena 2.
   285 | D        | Noticed a brown ugly thing
   285 | D        | Noticed a hog
   286 | D        | Noticed a tengu
   286 | D        | a hog changed into a tengu
   289 | D        | Reached * piety under Vehumet
   289 | D        | Offered knowledge of Shock by Vehumet.
   289 | D        | Reached XP level 5. HP: 28/28 MP: 18/18
   290 | D        | Killed a tengu
   294 | D        | Killed a brown ugly thing
   294 | D        | Reached XP level 6. HP: 32/32 MP: 20/20
   294 | D        | Reached XP level 7. HP: 36/36 MP: 22/22
   319 | D        | Learned a level 5 spell: Fireball
   327 | D        | Entered arena 3.
   327 | D        | Noticed a tarantella
   328 | D        | Reached ** piety under Vehumet
   329 | D        | Killed a tarantella
   471 | D        | Entered arena 4.
   472 | D        | Offered knowledge of Magic Dart by Vehumet.
   472 | D        | Reached *** piety under Vehumet
   472 | D        | Reached skill level 10 in Spellcasting
   473 | D        | Reached XP level 8. HP: 35/41 MP: 24/24
   473 | D        | Reached **** piety under Vehumet
   514 | D        | Entered arena 5.
   514 | D        | Noticed a jumping spider
   515 | D        | Reached ***** piety under Vehumet
   516 | D        | Killed a jumping spider
   516 | D        | Reached skill level 10 in Conjurations
   591 | D        | Entered arena 6.
   594 | D        | Offered knowledge of Throw Frost by Vehumet.
   605 | D        | Reached ****** piety under Vehumet
   906 | D        | Identified the Volume of Bewitching Air (You found it in the Dungeon)
   908 | D        | Identified the Incunabulum of the Frostbite and Evil Magic (You found it in the Dungeon)
   914 | D        | Learned a level 4 spell: Throw Icicle
   925 | D        | Entered arena 7.
   926 | D        | Offered knowledge of Stone Arrow by Vehumet.
  1042 | D        | Entered arena 8.
  1042 | D        | Noticed a large abomination
  1043 | D        | Reached XP level 9. HP: 45/45 MP: 27/27
  1045 | D        | Reached skill level 5 in Dodging
  1083 | D        | Learned a level 9 spell: Tornado
  1165 | D        | Entered arena 9.
  1165 | D        | Noticed a yaktaur
  1165 | D        | Noticed a centaur warrior
  1165 | D        | Noticed a cyclops
  1167 | D        | Offered knowledge of Bolt of Magma by Vehumet.
  1168 | D        | Shot with an arrow by a centaur warrior

Skill      XL: |  1  2  3  4  5  6  7  8  9 |
---------------+----------------------------+-----
Evocations     | 8 |  8.0
Spellcasting   | 7 8 9 10 12 13 | 13.3
Conjurations   | 5 6 8 11 12 | 12.2
Fire Magic     | 11 13 | 13.2
Dodging        | 4 6 |  6.1
Stealth        | |  2.4

Action                   |  1- 3 |  4- 6 |  7- 9 || total
-------------------------+-------+-------+-------++-------
Melee: Quarterstaff      |     2 |     7 |     1 ||    10
 Cast: Fireball          |       |       |    16 ||    16
       Flame Tongue      |       |       |     2 ||     2
       Throw Icicle      |       |       |     1 ||     1
Evoke: Wand              |     2 |     8 |     9 ||    19
       Fan of gales      |       |       |     1 ||     1
  Use: Potion            |     1 |     1 |     1 ||     3
  Eat: Fruit             |     3 |       |       ||     3
       Chunk             |       |       |     1 ||     1
       Meat ration       |       |       |     1 ||     1
Armor: Plate armour      |     6 |    11 |       ||    17
       Robe              |       |       |     1 ||     1
Dodge: Dodged            |       |       |    12 ||    12
